 Dungeon Crawl Stone Soup version 0.31-a0-174-g85c54bcb58 (webtiles) character file.

Game seed: 14226532508508796388

20 qw the Shooter (level 2, -3/26 HPs)
             Began as a Naga Hunter on June 15, 2023.
             Slain by a gnoll
             ... wielding a +0 spear
              (8 damage)
             ... on level 1 of the Dungeon.
             The game lasted 00:00:14 (737 turns).

qw the Shooter (Naga Hunter)                         Turns: 737, Time: 00:00:14

Health: -3/26      AC:  2    Str: 13    XL:     2   Next: 79%
Magic:  2/2        EV:  9    Int:  9    God:
Gold:   36         SH:  0    Dex: 14    Spells: 1/1 levels left

rFire   . . .        Y - +0 shortbow
rCold   . . .        (shield currently unavailable)
rNeg    . . .        c - +0 leather armour
rPois   +            (no helmet)
rElec   .            (no cloak)
rCorr   .            (no gloves)
SInv    +            (no barding)
Will    .....        (no amulet)
Stlth   ++           (no ring)
HPRegen 0.24/turn    (no ring)
MPRegen 0.08/turn

%: no passive effects
@: very slow
A: AC +0, large, see invisible, deformed body, poison resistance, slowness 2,
spit poison 1, naga tail 1
a: Spit Poison


You were on level 1 of the Dungeon.
You visited 1 branch of the dungeon, and saw 1 of its levels.

You collected 36 gold pieces.


Innate Abilities, Weirdness & Mutations

Your serpentine skin is tough. (AC +0)
You have supernaturally acute eyesight. (SInv)
Armour fits poorly on your strangely shaped body.
Your system is resistant to poisons. (rPois)
You cover ground very slowly.
You can spit poison.
You have a snake-like lower body.


   Skills:
 - Level 2.0 Fighting
 + Level 4.3 Ranged Weapons
 - Level 1.5 Dodging
 - Level 1.5 Stealth


You had one spell level left.
You didn't know any spells.
Your spell library was empty.

Inventory:

Hand Weapons
 Y - a +0 shortbow (weapon)
Armour
 c - a +0 leather armour (worn)
Scrolls
 b - a scroll of butterflies
Potions
 e - a potion of attraction {unknown}

Dungeon Overview and Level Annotations

Branches:
Dungeon (1/15)

Altars:

Annotations:
D:1 exclusion: 12 gnolls


Message History

Enter note:
Enter note:
Enter note:
Enter note:
Enter note:
Enter note:
Enter note:
Enter note:
Enter note:
Enter note:
Enter note:
Enter note: The gnoll hits you from afar with a +0 spear.
The gnoll closely misses you.
Enter note:
Enter note:
Enter note:
Enter note:
Enter note:
Enter note: You start resting.
A gnoll is nearby!
Enter note:
Enter note:
Enter note:
Enter note:
Enter note:
Enter note:
Enter note:
Enter note:
Enter note: The gnoll hits you from afar with a +0 spear.
Enter note:
Enter note:
Enter note:
Enter note:
Enter note:
Enter note: The gnoll hits you from afar with a +0 spear!
You die...

##.###### ##.....## #.#
#.......# ##.......# #.#
#..#....###.........##.#
#.........'.........+..#
#..#....###.........##.#
#.....#.# ##.......## ..
#.##.##.# ##.....##
#.##.##.# ##...##
#.##.##@# #+## #....g..#
####.##########
#..g.......#
##########.......
......# ).....# ...#..#
...# ..


You could see a gnoll.

Vanquished Creatures
  2 bats (D:1)
  An endoplasm (D:1)
  3 goblins (D:1)
  2 hobgoblins (D:1)
  4 jackals (D:1)
  A kobold (D:1)
  4 ball pythons (D:1)
17 creatures vanquished.

Notes
Turn   | Place    | Note
-------+----------+-------------------------------------------
     0 | D:1      | qw the Naga Hunter began the quest for the Orb.
     0 | D:1      | Reached XP level 1. HP: 19/19 MP: 1/1
     0 | D:1      | 0 ||| qw: Version: 0.2-a-29-g511e9b1
     0 | D:1      | 0 ||| qw: Game counter: 5231
     0 | D:1      | 0 ||| qw: Always use a shield: true
     0 | D:1      | 0 ||| qw: God list: Okawaru
     0 | D:1      | 0 ||| qw: Allow faded altars: false
     0 | D:1      | 0 ||| qw: Do Orc after D:15 true
     0 | D:1      | 0 ||| qw: Do second Lair branch before Depths: true
     0 | D:1      | 0 ||| qw: Lair rune preference: random
     0 | D:1      | 0 ||| qw: Plans: Normal
     0 | D:1      | 0 ||| PLANNING D:1-11
    15 | D:1      | 15 ||| INVOKING Spit Poison.
    76 | D:1      | 76 ||| INVOKING Spit Poison.
   145 | D:1      | 145 ||| INVOKING Spit Poison.
   174 | D:1      | Reached skill level 4 in Ranged Weapons
   174 | D:1      | Reached XP level 2. HP: 26/26 MP: 2/2
   223 | D:1      | 223 ||| INVOKING Spit Poison.
   232 | D:1      | 232 ||| INVOKING Spit Poison.
   268 | D:1      | 268 ||| INVOKING Spit Poison.
   274 | D:1      | 274 ||| INVOKING Spit Poison.
   276 | D:1      | HP: 6/26 [jackal (2)]
   278 | D:1      | 278 ||| INVOKING Spit Poison.
   279 | D:1      | HP: 2/26 [jackal (1)]
   284 | D:1      | 284 ||| INVOKING Spit Poison.
   408 | D:1      | 408 ||| INVOKING Spit Poison.
   458 | D:1      | 458 ||| INVOKING Spit Poison.
   690 | D:1      | 690 ||| INVOKING Spit Poison.
   718 | D:1      | 718 ||| INVOKING Spit Poison.
   724 | D:1      | 724 ||| READING scroll labelled SAUCZA TECUMNI.
   736 | D:1      | HP: 4/26 [gnoll/+0 spear (5)]
   737 | D:1      | Slain by a gnoll

Levels and vault maps discovered:
D:1:      ncdulo_wetmaze, layout_loops_corners, corexii_corridor_pit

Skill      XL: |  1 |
---------------+----+-----
Ranged Weapons | 4 |  4.3
Fighting       | |  2.0
Dodging        | |  1.5
Stealth        | |  1.5

Action                     || total
---------------------------++-------
   Fire: Shortbow          ||    33
Ability: Spit Poison       ||    13
    Use: Scroll            ||     1
 Armour: Leather armour    ||     6
  Dodge: Dodged            ||    18

Table legend:
 A = Non-vault XP
 B = Vault XP
 C = Vault XP percentage of total XP
 D = Non-vault monster count
 E = Vault monster count
 F = Vault count percentage of total count
                 A         B        C        D         E       F
            +---------+---------+-------+---------+---------+-------
      Total |      29 |       0 |   0.0 |      17 |       0 |   0.0
            +---------+---------+-------+---------+---------+-------
        D:1 |      29 |       0 |   0.0 |      17 |       0 |   0.0
            +---------+---------+-------+---------+---------+-------
